 Dungeon Crawl Stone Soup version 0.28-a0-1524-ge72afd5fc6 (webtiles) character file.

Game seed: 17830151831574693634

2909 SkeletonJelly the Carver (level 9, -1/83 HPs)
             Began as a Green Draconian Monk on Jan 18, 2022.
             Was a High Priest of Wu Jian.
             Slain by a two-headed ogre (8 damage)
             ... on level 8 of the Dungeon.
             The game lasted 00:16:35 (9089 turns).

SkeletonJelly the Carver (Green Draconian Monk)     Turns: 9089, Time: 00:16:36

Health: -1/83      AC:  9    Str: 15    XL:     9   Next: 49%
Magic:  9/9        EV: 13    Int: 11    God:    Wu Jian [*****.]
Gold:   286        SH:  5    Dex: 16    Spells: 8/8 levels left

rFire   . . .      SeeInvis .   H - +2 long sword (drain)
rCold   + . .      Faith    .   (no shield)
rNeg    . . .      Spirit   .   (armour unavailable)
rPois   +          Reflect  +   (helmet restricted)
rElec   .          Harm     .   (no cloak)
rCorr   .          Rampage  .   (no gloves)
Will    .....                   d - +1 pair of boots
Stlth   ++........              r - amulet of reflection
HPRegen 0.23/turn               x - ring of protection from cold
MPRegen 0.11/turn               (no ring)

@: short of breath
A: breathe noxious fumes, AC +7, unfitting armour, poison resistance,
cold-blooded
a: Breathe Noxious Fumes, Renounce Religion, Wall Jump, Serpent's Lash, Heavenly
Storm


You were on level 8 of the Dungeon.
You worshipped Wu Jian.
Wu Jian was extremely pleased with you.
You visited 1 branch of the dungeon, and saw 8 of its levels.
You also visited: Sewer.

You collected 286 gold pieces.

Inventory:

Hand Weapons
 a - a +0 falchion
 H - a +2 long sword of draining (weapon)
 I - a +0 great sword
Missiles
 f - 2 throwing nets
 v - 2 curare-tipped darts
 G - 4 javelins
Armour
 d - a +1 pair of boots (worn)
Jewellery
 c - an amulet of the acrobat
 q - an amulet of guardian spirit
 r - an amulet of reflection (around neck)
 x - a ring of protection from cold (left hand)
 A - a ring of fire
Wands
 g - a wand of acid (9)
 n - a wand of flame (11)
 z - a wand of iceblast (10)
Scrolls
 b - 3 scrolls of identify
 p - a scroll of noise
 B - a scroll of immolation
Potions
 e - 2 potions of flight {unknown}
 h - 2 potions of cancellation {unknown}
 i - 3 potions of brilliance {unknown}
 j - 2 potions of magic {unknown}
 k - 2 potions of might {unknown}
 l - 2 potions of invisibility {unknown}
 m - a potion of heal wounds {unknown}
 o - 2 potions of haste {unknown}
 t - 2 potions of attraction {unknown}
 u - a potion of lignification {unknown}
 w - a potion of curing
 E - a potion of ambrosia {unknown}
 F - a potion of degeneration {unknown}


   Skills:
 + Level 9.0 Fighting
 * Level 11.2 Long Blades
 - Level 2.7 Dodging
 - Level 1.9 Stealth


You had 8 spell levels left.
You didn't know any spells.
Your spell library contained the following spells:

 Spells                   Type           Power      Damage    Failure   Level
 Animate Skeleton         Necr           0%         N/A       34%         1
 Apportation              Tloc           0%         N/A       34%         1
 Magic Dart               Conj           0%         1d3       34%         1
 Summon Small Mammal      Summ           0%         N/A       34%         1
 Blink                    Tloc           0%         N/A       47%         2
 Corpse Rot               Necr/Air       0%         N/A       47%         2
 Poisonous Vapours        Pois/Air       0%         N/A       47%         2
 Searing Ray              Conj           0%         2d4       47%         2
 Ignite Poison            Fire/Tmut/Pois 0%         N/A       71%         3
 Lesser Beckoning         Tloc           0%         N/A       71%         3
 Mephitic Cloud           Conj/Pois/Air  0%         N/A       71%         3
 Fulminant Prism          Conj/Hex       0%         3d6       98%         4
 Freezing Cloud           Conj/Ice/Air   0%         6-21      100%        5
 Manifold Assault         Tloc           0%         N/A       100%        5


Dungeon Overview and Level Annotations

Branches:
Dungeon (8/15)             Temple (0/1) D:4           Sewer (visited)
   Lair: D:8-11

Altars:
Wu Jian

Shops:
D:7 [


Innate Abilities, Weirdness & Mutations

You can breathe blasts of noxious fumes.
Your lurid green scales are hard. (AC +7)
You cannot fit into any form of body armour.
Your system is resistant to poisons. (rPois)
You are cold-blooded and may be slowed by cold attacks.


Message History

The blast of choking fumes misses the orc warrior.
The orc is engulfed in noxious fumes.
The orc appears confused.
The orc warrior is engulfed in noxious fumes.
The orc warrior appears confused.
You slash the orc!
You kill the orc!
The Council accepts your kill.
The orc warrior is engulfed in noxious fumes.
The orc warrior appears confused.
Things that are here:
a +0 club; an orc corpse You lunge at the orc warrior, in a flurry of attacks.
You hit the orc warrior but do no damage.
You slash the orc warrior!
You tail-slap the orc warrior, but do no damage.
The orc warrior is heavily wounded.
The orc warrior is engulfed in noxious fumes.
You block the orc warrior's attack.
Things that are here:
a +0 club; 3 boomerangs You strike the helpless orc warrior from behind!
You hit the orc warrior.
The orc warrior is severely wounded.
The orc warrior hits you with a +2 vorpal trident.
You take 4 damage, and have 56/82 hp.
You slash the orc warrior!
You kill the orc warrior!
The Council accepts your kill.
Your Fighting skill increases to level 9!
No target in view!
No target in view!
No target in view!
No target in view!
Things that are here:
a +2 vorpal trident; a +0 plate armour
Things that are here:
a +0 war axe; a +1 chain mail of fire resistance; an orc corpse You now have 286 gold pieces (gained 9).
You have got your breath back.
You hear the faint creaking of a very distant portcullis.
Found a stone staircase leading down.
Found a ring mail.
You lunge at the killer bee zombie.
You hit the killer bee zombie.
The killer bee zombie is moderately damaged.
The killer bee zombie closely misses you.
The killer bee zombie barely misses you.
You closely miss the killer bee zombie.
The killer bee zombie is moderately damaged.
The killer bee zombie hits you but does no damage.
You slash the killer bee zombie!
The killer bee zombie is severely damaged.
You block the killer bee zombie's attack.
The killer bee zombie hits you.
You take 2 damage, and have 60/83 hp.
You closely miss the killer bee zombie.
The killer bee zombie is severely damaged.
The killer bee zombie barely misses you.
You miss the killer bee zombie.
Your tail-slap misses the killer bee zombie.
The killer bee zombie is severely damaged.
The killer bee zombie hits you.
You block the killer bee zombie's attack.
You take 4 damage, and have 56/83 hp.
You slash the killer bee zombie!
The killer bee zombie is almost destroyed.
The killer bee zombie barely misses you.
You hit the killer bee zombie.
You destroy the killer bee zombie!
The Council accepts your kill.
Found a wooden wand.
n - a wand of flame (11)
A two-headed ogre comes into view. It is wielding two +0 giant clubs.
The two-headed ogre shouts in stereo!
You lunge at the two-headed ogre.
You slash the two-headed ogre! You drain the two-headed ogre.
The two-headed ogre is lightly wounded.
The two-headed ogre closely misses you.
The two-headed ogre hits you with a +0 giant club!!
You take 19 damage, and have 45/83 hp.
MASSIVE DAMAGE!!
You exhale a blast of noxious fumes.
The blast of choking fumes hits the two-headed ogre.
The two-headed ogre is moderately wounded.
You can't do that yet.
You slash the two-headed ogre! You tail-slap the two-headed ogre.
The two-headed ogre is heavily wounded.
The two-headed ogre is engulfed in noxious fumes.
The two-headed ogre hits you with a +0 giant club!!
* * * LOW HITPOINT WARNING * * *
The two-headed ogre hits you with a +0 giant club!!
* * * LOW HITPOINT WARNING * * *
You take 45 damage, and have 1/83 hp.
MASSIVE DAMAGE!!
You hit the two-headed ogre.
The two-headed ogre is heavily wounded.
The two-headed ogre is engulfed in noxious fumes.
You block the two-headed ogre's attack. The two-headed ogre barely misses you.
You feel better.
The two-headed ogre is engulfed in noxious fumes.
The two-headed ogre appears confused.
The two-headed ogre hits you with a +0 giant club!
You die...

########...<..# #
........#######.#
.........)))....#
........#########
........####
...........#########
.......)...........+
........##.#####.#
...........## #@#
#######.....# #O# #.....##
#○# #......# #○#
#######....#.###°#####.#
................○......#
#############.##°############
#..#.#...........
#########.#.#........#


You could see a two-headed ogre (confused, drained).

Vanquished Creatures
  2 water moccasins (D:5)
  3 orc warriors
  A sky beast (D:7)
  A black bear (D:6)
  2 centaurs
  3 ogres
  2 necrophages
  2 phantoms (D:6)
  A water moccasin zombie (D:6)
  A bullfrog (D:7)
  A gnoll sergeant (D:6)
  5 scorpions
  4 wights (D:6)
  2 bullfrog zombies
  2 centaur zombies (D:7)
  3 jellies (Sewer)
  A hound (D:5)
  2 orc priests
  A gnoll shaman (D:7)
  An iguana (D:6)
  4 orc wizards
  2 killer bee zombies
  A hound skeleton (D:4)
  Robin (D:2)
  6 gnolls
  4 adders
  4 river rats
  2 shadow imps (D:6)
  2 white imps
  A worm (Sewer)
  5 dart slugs
  19 orcs
  2 bats (D:3)
  15 endoplasms
  6 giant cockroaches
  13 goblins
  7 hobgoblins
  2 jackals (D:2)
  7 kobolds
  6 quokkas
  11 ball pythons
  6 frilled lizards
  12 rats
  A spectral kobold (D:1)
179 creatures vanquished.

Vanquished Creatures (collateral kills)
  An iguana (D:6)
  An orc wizard (D:6)
2 creatures vanquished.

Vanquished Creatures (others)
  5 plants (D:4)
5 creatures vanquished.

Grand Total: 186 creatures vanquished

Notes
Turn   | Place    | Note
-------+----------+-------------------------------------------
     0 | D:1      | SkeletonJelly the Draconian Monk began the quest for the
                  | Orb.
     0 | D:1      | Reached XP level 1. HP: 19/19 MP: 1/1
   215 | D:1      | Reached XP level 2. HP: 24/26 MP: 2/2
   548 | D:1      | Found a faded altar of an unknown god.
   562 | D:1      | Prayed at the altar of an unknown god.
   562 | D:1      | Became a worshipper of the Wu Jian Council
   562 | D:1      | Reached * piety under Wu Jian
   562 | D:1      | Reached ** piety under Wu Jian
   939 | D:2      | Reached *** piety under Wu Jian
   940 | D:2      | Reached XP level 3. HP: 33/33 MP: 3/3
  1005 | D:2      | Noticed Robin
  1020 | D:2      | Killed Robin
  1021 | D:2      | Reached skill level 4 in Long Blades
  1641 | D:2      | Reached XP level 4. HP: 40/40 MP: 4/4
  1963 | D:3      | Found a glowing drain.
  1990 | Sewer    | Entered a sewer
  2394 | Sewer    | Reached **** piety under Wu Jian
  2904 | Sewer    | Found a viscous altar of Jiyva.
  2917 | Sewer    | Reached skill level 5 in Long Blades
  2917 | Sewer    | Reached XP level 5. HP: 14/47 MP: 5/5
  3873 | D:3      | Reached XP level 6. HP: 55/55 MP: 6/6
  3888 | D:3      | Reached skill level 5 in Fighting
  4188 | D:4      | Found a staircase to the Ecumenical Temple.
  4248 | D:4      | Reached skill level 6 in Long Blades
  4556 | D:4      | Your scales start taking on a lurid green colour.
  4556 | D:4      | Reached XP level 7. HP: 32/62 MP: 7/7
  4556 | D:4      | Gained mutation: Your system is resistant to poisons.
                  | (rPois) [Green Draconian growth]
  4736 | D:4      | Reached skill level 7 in Long Blades
  5203 | D:5      | Entered Level 5 of the Dungeon
  5305 | D:5      | Reached ***** piety under Wu Jian
  5571 | D:5      | Reached skill level 8 in Long Blades
  5598 | D:5      | Reached XP level 8. HP: 30/71 MP: 8/8
  6449 | D:6      | Reached skill level 9 in Long Blades
  7017 | D:6      | Reached skill level 10 in Long Blades
  7022 | D:6      | Reached XP level 9. HP: 9/81 MP: 9/9
  8384 | D:7      | Found Wofu's Armour Shoppe.
  8435 | D:7      | Reached skill level 11 in Long Blades
  9066 | D:8      | Noticed a two-headed ogre
  9087 | D:8      | HP: 1/83 [two-headed ogre (22)]
  9089 | D:8      | Slain by a two-headed ogre

Illustrated notes

Levels and vault maps discovered:
D:1:      lemuel_arrival_broad_hall, layout_basic,
          dreamdust_ecumenical_altar_drowned_temple, hex_medium
D:2:      layout_basic, minmay_misc_feat_x, amethyst_killhole,
          kennysheep_generic_room_13, uniq_robin
D:3:      layout_rooms, portal_sewer_entry_b, kennysheep_boxes
D:4:      minmay_evil_eye, layout_basic, temple_statues,
          guppyfry_early_lair_pool
D:5:      layout_loops_ring
D:6:      layout_basic
D:7:      layout_layer_cave, serial_shops, shop
D:8:      layout_basic, enter_bailey_3, grunt_decor_one_mirror

Skill      XL: |  1  2  3  4  5  6  7  8  9 |
---------------+----------------------------+-----
Long Blades    | 4 5 6 8 10 11 | 11.2
Fighting       | 4 5 6 8 9 |  9.0
Dodging        | |  2.7
Stealth        | |  1.9

Action                   |  1- 3 |  4- 6 |  7- 9 || total
-------------------------+-------+-------+-------++-------
Melee: Falchion          |   152 |   247 |   191 ||   590
       Tailslap          |    14 |    30 |    45 ||    89
       Punch             |     2 |     2 |     5 ||     9
       Long sword        |       |       |   119 ||   119
Invok: Lunge             |    10 |    19 |    23 ||    52
       Whirlwind         |       |    16 |     1 ||    17
 Abil: Wall Jump         |       |    11 |       ||    11
       Breathe Noxious F |       |       |    18 ||    18
Evoke: Wand              |       |       |     2 ||     2
  Use: Scroll            |       |     1 |     9 ||    10
       Potion            |       |       |     1 ||     1
 Stab: Sleeping          |     8 |     7 |     3 ||    18
       Confused          |       |       |    12 ||    12
Armor: Skin              |    49 |    73 |    69 ||   191
Dodge: Dodged            |    78 |   162 |   103 ||   343
Block: Other             |       |     9 |    51 ||    60
       Reflection        |       |       |     3 ||     3

Table legend: (Time is in decaauts)
 A = Elapsed time spent in this place.
 B = Non-inter-level travel time spent in this place.
 C = Inter-level travel time spent in this place.
 D = Time resting spent in this place.
 E = Time spent auto-exploring this place.
 F = Levels seen in this place.
 G = Mean time per level.
                   A        B        C        D        E       F      G
               +--------+--------+--------+--------+--------+-----+--------+
         Total |   9143 |   8963 |    180 |      0 |   7261 |   9 | 1015.9 |
       Dungeon |   7534 |   7354 |    180 |      0 |   5939 |   8 |  941.8 |
         Sewer |   1608 |   1608 |      0 |      0 |   1321 |   1 | 1608.0 |
               +--------+--------+--------+--------+--------+-----+--------+

Top non-repeatable levels by time:
   Sewer: 1608 daAuts
     D:6: 1486 daAuts
     D:4: 1183 daAuts
     D:7: 1141 daAuts
     D:5: 1121 daAuts
     D:2: 1004 daAuts
     D:1: 884 daAuts
     D:3: 609 daAuts
     D:8: 103 daAuts
